Map: Dusk Towers

Players

WildCatBrown

  • Race: Protoss Protoss

Bishopfrost - Winner!

  • Race: Zerg Zerg
  • League: Silver

VOD

Have the link to the VOD?

Description

Time

  • Played on: Dec. 14, 2015, 9:28 p.m.
  • Length: 14:06
Show
View Real Time Build Order
Export as new Build Order

WildCatBrown Protoss 

Build Orders: 1 Gate Expand 

Get SALT Encoding   

  12  0:01  Probe (Chrono Boost)  
  13  0:12  Probe (Chrono Boost)  
  14  0:22  Probe (Chrono Boost)  
  14  0:24  Pylon  
  15  0:35  Assimilator  
  16  0:42  Probe (Chrono Boost)  
  16  0:48  Gateway  
  16  0:53  Probe (Chrono Boost)  
  17  1:04  Probe (Chrono Boost)  
  18  1:14  Probe (Chrono Boost)  
  19  1:29  Nexus  
  19  1:32  Probe (Chrono Boost)  
  20  1:43  Pylon  
  20  1:46  Probe (Chrono Boost)  
  21  1:57  Probe (Chrono Boost)  
  22  2:07  Cybernetics Core, Probe (Chrono Boost)  
  23  2:14  Zealot  
  25  2:18  Probe (Chrono Boost)  
  25  2:21  Assimilator  
  26  2:28  Probe (Chrono Boost)  
  27  2:40  Probe (Chrono Boost)  
  27  2:43  Probe (Chrono Boost)  
  29  2:45  Gateway  
  29  2:50  Warp Gate (Chrono Boost)  
  29  2:56  Probe  
  29  3:07  Probe  
  29  3:08  Mothership Core  
  29  3:12  Forge  
  32  3:18  Probe, Pylon  
  33  3:23  Stalker (Chrono Boost)  
  35  3:28  Probe  
  36  3:39  Probe, Pylon  
  37  3:42  Assimilator  
  37  3:45  Probe  
  37  3:48  Assimilator  
  38  3:49  Probe  
  39  3:59  Probe  
  40  4:03  Probe, Pylon  
  41  4:10  Protoss Ground Weapons Level 1 (Chrono Boost)  
  41  4:12  Stalker (Chrono Boost)  
  41  4:13  Probe  
  44  4:24  Probe  
  45  4:38  Robotics Facility  
  45  4:40  Pylon  
  45  4:45  Gateway  
  45  4:47  Probe, Gateway  
  46  4:55  Stalker x2  
  46  4:57  Probe  
  51  5:08  Probe  
  52  5:22  Gateway  
  52  5:23  Gateway  
  52  5:34  Gateway  
  52  5:37  Nexus  
  52  5:39  Assimilator  
  52  5:44  Warp Prism, Assimilator  
  52  5:47  Pylon  
  54  5:50  Stalker x2  
  54  5:56  Stalker  
  60  6:04  Probe  
  61  6:14  Forge, Protoss Ground Armor Level 1 (Chrono Boost)  
  61  6:15  Probe  
  62  6:29  Stalker  
  62  6:31  Robotics Bay  
  64  6:33  Twilight Council  
  64  6:42  Observer  
  65  6:52  Protoss Shields Level 1 (Chrono Boost)  
  65  7:00  Stalker  
  65  7:01  Stalker x5  
  73  7:02  Probe  
  78  7:10  Blink (Chrono Boost)  
  78  7:12  Probe  
  79  7:21  Immortal  
  83  7:56  Stalker x3  
  83  7:57  Stalker  
  81  7:59  Robotics Facility  
  75  8:20  Stalker x6  
  75  8:21  Stalker  
  85  8:53  Protoss Ground Armor Level 2  
  85  9:07  Photon Cannon  
  85  9:09  Protoss Ground Weapons Level 2  
  85  9:10  Nexus, Photon Cannon, Charge (Chrono Boost)  
  85  9:13  Photon Cannon  
  85  9:16  Photon Cannon  
  85  9:18  Photon Cannon  
  85  9:49  Nexus  
  85  9:51  Assimilator  
  85  9:52  Disruptor  
  85  9:54  Disruptor  
  85  9:56  Assimilator  
  85  9:59  Pylon  
  73  10:03  Pylon  
  59  10:08  Stalker x3  
  59  10:09  Stalker x4  
  67  10:26  Probe  
  68  10:29  Immortal  
  68  10:37  Probe  
  69  10:47  Probe  
  70  10:55  Stalker x4  
  70  10:56  Stalker  
  75  11:15  Protoss Ground Armor Level 3 (Chrono Boost)  
  75  11:23  Probe  
  76  11:27  Stargate x2  
  76  11:33  Gravitic Drive  
  76  11:34  Probe  
  76  11:35  Warp Prism  
  76  11:39  Stalker x6  
  91  11:40  Stalker  
  93  12:12  Phoenix  
  93  12:13  Phoenix  
  97  12:41  Stalker x2  
  101  12:51  Pylon  
  101  12:55  Pylon  
  101  13:00  Pylon  
  101  13:02  Probe  
  90  13:11  Stalker  
  90  13:12  Stalker x4  
  74  13:13  Stalker  
  74  13:14  Probe  
  67  13:26  Stalker, Probe  
  37  13:43  Stalker x3  
  37  13:44  Stalker x2  
Show
View Real Time Build Order
Export as new Build Order

Bishopfrost Zerg - Winner!

Build Orders: Hatch First 

Get SALT Encoding   

  12  0:03  Drone  
  13  0:11  Drone  
  14  0:19  Extractor  
  13  0:23  Drone, Extractor  
  13  0:24  Drone  
  16  0:29  Overlord  
  16  1:05  Extractor  
  16  1:06  Hatchery  
  16  1:07  Drone x2  
  16  1:23  Spawning Pool  
  15  1:29  Drone x2  
  17  1:46  Drone x2  
  19  1:56  Drone  
  20  2:11  Zergling x2  
  20  2:12  Metabolic Boost  
  21  2:25  Drone  
  21  2:26  Drone  
  21  2:29  Drone  
  24  2:31  Drone  
  24  2:32  Hatchery  
  24  2:47  Drone  
  25  2:51  Drone x2  
  25  2:58  Extractor  
  26  3:00  Queen  
  28  3:07  Overlord  
  28  3:11  Overlord  
  28  3:24  Queen  
  30  3:32  Zergling x8  
  30  3:33  Zergling x4  
  36  3:46  Drone  
  36  3:47  Queen  
  40  3:55  Drone x2  
  40  3:56  Drone x3  
  44  4:19  Lair  
  44  4:28  Extractor  
  43  4:32  Drone x3  
  43  4:37  Drone x3  
  49  4:41  Extractor  
  48  4:48  Drone x2  
  48  4:49  Overlord  
  48  4:50  Overlord x2  
  50  4:54  Overlord x2  
  50  5:02  Overlord x2  
  50  5:07  Queen  
  50  5:10  Drone x3  
  56  5:14  Drone x2  
  56  5:20  Spire  
  56  5:23  Drone x3  
  59  5:29  Drone x2  
  59  5:33  Evolution Chamber  
  61  5:35  Drone x2  
  61  5:36  Drone  
  61  5:41  Drone  
  61  5:42  Drone  
  65  5:45  Extractor  
  64  6:00  Overlord x2  
  64  6:06  Drone x2  
  66  6:11  Drone x2  
  66  6:12  Drone x3  
  71  6:23  Overlord x2  
  71  6:42  Mutalisk x5  
  71  6:43  Mutalisk x3  
  87  6:53  Mutalisk x2  
  87  6:54  Mutalisk x6  
  88  6:56  Zergling x6  
  105  7:05  Hatchery  
  104  7:09  Spine Crawler  
  104  7:11  Spore Crawler  
  104  7:14  Spine Crawler  
  101  7:17  Spore Crawler  
  101  7:22  Mutalisk x2  
  102  7:27  Extractor  
  103  7:33  Pneumatized Carapace  
  103  7:37  Drone x2  
  103  7:38  Drone x4  
  103  8:13  Mutalisk x4  
  103  8:14  Zergling x2  
  103  8:15  Zergling x2  
  103  8:18  Queen  
  113  8:29  Mutalisk x3  
  113  8:30  Mutalisk x2  
  123  8:54  Queen  
  124  8:59  Zergling x12  
  124  9:00  Zergling x10  
  135  9:22  Queen  
  135  9:23  Hatchery  
  136  9:27  Zerg Melee Weapons Level 1  
  136  9:29  Queen  
  138  9:32  Infestation Pit  
  138  9:34  Overlord x3  
  138  9:35  Overlord x6  
  138  9:36  Overlord x2  
  137  9:41  Queen  
  127  10:05  Queen  
  123  10:43  Zergling x6  
  123  10:44  Zergling x8  
  123  10:47  Mutalisk x5  
  123  10:48  Mutalisk x4  
  142  11:07  Zergling x6  
  142  11:08  Zergling x10  
  148  11:22  Hive  
  148  11:31  Zerg Melee Weapons Level 2  
  148  11:35  Pathogen Glands  
  148  11:38  Infestor x4  
  148  11:39  Infestor x4  
  164  11:43  Zerg Flyer Weapons Level 1  
  162  11:55  Overseer x4  
  162  12:05  Zergling x8  
  162  12:06  Zergling x10  
  162  12:07  Zergling x10  
  176  12:22  Hatchery  
  175  12:43  Infestor  
  175  12:44  Infestor x4  
Tags
 
Add a new tag
Caveats
  • Supply blocks, unpowered buildings, or Contaminate may cause inaccurate times.
  • Supply counts are checked every 10 seconds.